 Dungeon Crawl Stone Soup version 0.26-a0-1021-gda264ca44c (webtiles) character file.

Game seed: 8574888366638869490

748 runemasterragnar the Skirmisher (level 7, 0/68 HPs)
             Began as an Ogre Monk on Dec 9, 2020.
             Was a Priest of Hepliaklqana.
             Slain by a centaur (4 damage)
             ... on level 5 of the Dungeon.
             The game lasted 00:05:07 (4235 turns).

runemasterragnar the Skirmisher (Ogre Monk)         Turns: 4235, Time: 00:05:08

Health: 0/68       AC: 10    Str: 18    XL:     7   Next: 77%
Magic:  9/9        EV: 11    Int: 11    God:    Hepliaklqana [***...]
Gold:   188        SH:  0    Dex: 11    Spells: 6/6 levels left

rFire    . . .     SeeInvis .   e - +2 mace (protect)
rCold    . . .     Faith    .   (no shield)
rNeg     . . .     Spirit   .   b - +0 robe
rPois    .         Reflect  .   (helmet restricted)
rElec    .         Harm     .   (no cloak)
rCorr    .         Rampage  .   (gloves unavailable)
Will     .....                  (boots unavailable)
Stlth    ++........             (no amulet)
HPRegen  0.21/turn              (no ring)
MPRegen  0.11/turn              (no ring)

@: mighty, protection aura
A: large, unfitting armour, reduced essence, tough skin 1
a: Recall Ancestor, Ancestor Identity, Transference, Renounce Religion


You were on level 5 of the Dungeon.
You worshipped Hepliaklqana.
Hepliaklqana was most pleased with you.
You visited 1 branch of the dungeon, and saw 5 of its levels.

You collected 188 gold pieces.

Inventory:

Hand Weapons
 a - a +0 mace
 e - a +2 mace of protection (weapon)
 j - a cursed -1 hunting sling
 m - a +1 vorpal halberd
Armour
 b - a +0 robe (worn)
 i - a +0 kite shield
Jewellery
 f - an uncursed amulet of magic regeneration {unknown}
 k - an uncursed amulet of the acrobat
Wands
 p - a wand of digging (6)
 t - a wand of flame (16)
Scrolls
 c - 5 scrolls of identify {unknown}
 d - 5 scrolls of remove curse {unknown}
 l - 2 scrolls of blinking {unknown}
 n - a scroll of enchant weapon {unknown}
 q - a scroll of magic mapping {unknown}
 s - a scroll of noise {unknown}
Potions
 g - a potion of heal wounds {unknown}
 h - 3 potions of curing
 r - a potion of degeneration {unknown}


   Skills:
 + Level 6.4 Fighting
 * Level 5.6 Maces & Flails
 + Level 4.3 Dodging
 - Level 1.4 Stealth
 + Level 3.1 Invocations


You had 6 spell levels left.
You didn't know any spells.
Your spell library was empty.

Dungeon Overview and Level Annotations

Branches:
Dungeon (5/15)
 Temple: D:4-7

Altars:
Fedhas
Hepliaklqana
The Shining One

Annotations:
D:4 Edmund


Innate Abilities, Weirdness & Mutations

You are too large for most types of armour.
You have tough skin. (AC +1)
Your life essence is reduced to manifest your ancestor. (-10% HP)


Message History

The white imp misses you.
The orc hits Ramose with a +0 flail!
You are too injured to fight recklessly!
You thump the white imp!
Your weapon exudes an aura of protection.
The white imp is almost dead.
The centaur hits you.
* * * LOW HITPOINT WARNING * * *
Ramose completely misses the orc.
The white imp barely misses you. The centaur completely misses you.
The orc misses Ramose.
You thump the centaur!
The centaur is heavily wounded.
The centaur barely misses you.
Ramose casts a spell at the white imp.
The orc resists with significant effort.
The white imp gestures at you. The puff of frost hits you.
* * * LOW HITPOINT WARNING * * *
An orc comes into view.
The orc hits Ramose with a +0 flail.
The centaur hits you.
You die...

.##### ..... o...
>.# . # ... #...#
.$##.##.. ....#
.....#..# ....#
......)R## ##..#
......o(.###...#
......5@......#
......c.......###
................###
..................#
.....(.......<..###
...##.............#
... ###....#...#..#
.. ..#........ .#
..........#.. #


You could see the friendly Ramose the hexer, a centaur, a white imp and 2 orcs.

Vanquished Creatures
  2 phantoms (D:4)
  2 ogres (D:4)
  A water moccasin skeleton (D:4)
  A howler monkey (D:5)
  A hound (D:4)
  An orc wizard (D:3)
  4 worker ants (D:4)
  5 gnolls
  3 adders
  A worm (D:3)
  A dart slug (D:3)
  A leopard gecko (D:3)
  7 orcs
  A ball python (D:2)
  4 goblins
  A hobgoblin (D:1)
  7 jackals
  A quokka (D:3)
  5 bats
  2 frilled lizards (D:3)
  2 kobolds (D:3)
  A quokka skeleton (D:4)
  5 rats
59 creatures vanquished.

Vanquished Creatures (collateral kills)
  A worker ant (D:4)
  A gnoll (D:3)
  An adder (D:3)
  2 orcs
  A bat (D:3)
  A goblin (D:3)
7 creatures vanquished.

Grand Total: 66 creatures vanquished

Notes
Turn   | Place    | Note
-------+----------+-------------------------------------------
     0 | D:1      | runemasterragnar the Ogre Monk began the quest for the Orb.
     0 | D:1      | Reached XP level 1. HP: 24/24 MP: 1/1
   440 | D:1      | HP: 1/24 [gnoll (5)]
   450 | D:1      | HP: 1/24 [gnoll (5)]
   452 | D:1      | Reached XP level 2. HP: 2/32 MP: 2/2
  1281 | D:1      | Reached XP level 3. HP: 29/40 MP: 3/3
  1754 | D:2      | You fall into a shaft and drop 1 floor!
  1832 | D:3      | Found a faded altar of an unknown god.
  1927 | D:3      | Reached XP level 4. HP: 25/49 MP: 4/4
  1972 | D:3      | Became a worshipper of Hepliaklqana the Forgotten
  1972 | D:3      | Reached * piety under Hepliaklqana
  1972 | D:3      | Reached ** piety under Hepliaklqana
  2097 | D:3      | Remembered your ancestor Ramose as a hexer
  2260 | D:3      | Reached skill level 5 in Fighting
  2260 | D:3      | Reached XP level 5. HP: 51/51 MP: 5/5
  2411 | D:3      | Reached *** piety under Hepliaklqana
  2570 | D:3      | Reached skill level 1 in Invocations
  2923 | D:4      | Found a blossoming altar of Fedhas.
  2948 | D:4      | Noticed a phantom
  2996 | D:4      | Killed a phantom
  2997 | D:4      | Reached XP level 6. HP: 52/59 MP: 5/7
  3075 | D:4      | Noticed Edmund
  3115 | D:4      | Noticed a phantom
  3130 | D:4      | Killed a phantom
  3543 | D:4      | Reached skill level 5 in Maces & Flails
  3543 | D:4      | Reached XP level 7. HP: 65/66 MP: 8/8
  3576 | D:4      | Found a glowing golden altar of the Shining One.
  3703 | D:4      | Reached skill level 6 in Fighting
  4213 | D:5      | Entered Level 5 of the Dungeon
  4232 | D:5      | HP: 2/68 [centaur (7)]
  4235 | D:5      | Slain by a centaur

Illustrated notes

Levels and vault maps discovered:
D:1:      dpeg_arrival_rooms_c, layout_basic
D:2:      layout_loops_ring, lemuel_doored_altar, lemuel_round_altar
D:3:      layout_basic, chequers_ecumenical_altar_grove
D:4:      layout_loops_ring, marbit_many_paths, nicolae_overflow_crystal_walls,
          uniq_edmund
D:5:      layout_cave_pools, grunt_dithmenos_smoke_and_mirrors,
          eino_tiny_chamber, uniq_menkaure

Skill      XL: |  1  2  3  4  5  6  7 |
---------------+----------------------+-----
Maces & Flails | 3 4 5 |  5.6
Dodging        | 3 4 |  4.3
Fighting       | 5 6 |  6.4
Invocations    | 1 2 3 |  3.1
Stealth        | |  1.4

Action                   |  1- 3 |  4- 6 |  7- 9 || total
-------------------------+-------+-------+-------++-------
Melee: Mace              |    84 |   126 |    37 ||   247
Invok: Ancestor Life: He |       |     1 |       ||     1
       Recall Ancestor   |       |     1 |       ||     1
  Use: Potion            |     3 |     1 |     3 ||     7
 Stab: Sleeping          |     1 |     1 |       ||     2
       Distracted        |       |     2 |       ||     2
Armor: Robe              |    34 |    44 |    13 ||    91
Dodge: Dodged            |    45 |    81 |    27 ||   153

Table legend: (Time is in decaauts)
 A = Elapsed time spent in this place.
 B = Non-inter-level travel time spent in this place.
 C = Inter-level travel time spent in this place.
 D = Time resting spent in this place.
 E = Time spent auto-exploring this place.
 F = Levels seen in this place.
 G = Mean time per level.
                   A        B        C        D        E       F      G
               +--------+--------+--------+--------+--------+-----+--------+
         Total |   4260 |   4057 |    203 |    604 |   2877 |   5 |  852.0 |
       Dungeon |   4260 |   4057 |    203 |    604 |   2877 |   5 |  852.0 |
               +--------+--------+--------+--------+--------+-----+--------+

Top non-repeatable levels by time:
     D:1: 1468 daAuts
     D:4: 1335 daAuts
     D:3: 1153 daAuts
     D:2: 280 daAuts
     D:5: 23 daAuts
